 Dungeon Crawl Stone Soup version 0.22-a0-558-gc224181 (webtiles) character file.

108 Amnesiac the Charlatan (level 4, -2/22 HPs)
             Began as a Spriggan Artificer on June 27, 2018.
             Slain by an orc
             ... wielding a +0 short sword
              (6 damage)
             ... on level 3 of the Dungeon.
             The game lasted 00:02:53 (1134 turns).

Amnesiac the Charlatan (Spriggan Artificer)         Turns: 1134, Time: 00:02:54

Health: -2/22      AC:  2    Str:  9    XL:     4   Next: 58%
Magic:  9/10       EV: 18    Int: 12    God:
Gold:   55         SH:  0    Dex: 16    Spells: 3/3 levels left

rFire    . . .     SeeInvis +   a - +0 long sword
rCold    . . .     Gourm    .   (shield restricted)
rNeg     . . .     Faith    .   k - +0 robe
rPois    .         Spirit   .   (helmet restricted)
rElec    .         Reflect  .   (no cloak)
rCorr    .         Harm     .   (gloves unavailable)
MR       .....                  (boots unavailable)
Stlth    ++........             (no amulet)
HPRegen  0.07/turn              (no ring)
MPRegen  0.12/turn              (no ring)

@: very quick
A: very small, unfitting armour, see invisible, herbivore, speed 3, slow
metabolism 2
a: no special abilities


You were on level 3 of the Dungeon.
You were not hungry.

You visited 1 branch of the dungeon, and saw 4 of its levels.

You collected 55 gold pieces.

Inventory:

Hand Weapons
 a - a +0 long sword (weapon)
 b - a +0 short sword
Missiles
 g - 6 stones (quivered)
 i - 4 curare-tipped needles
Armour
 k - a +0 robe (worn)
Wands
 c - a wand of flame (15)
 d - a wand of enslavement (15)
 e - a wand of random effects (5)
Scrolls
 m - a scroll of fear {!r, unknown}
Potions
 j - a potion of invisibility {!q, unknown}
 l - a potion of heal wounds {!q, unknown}
Comestibles
 f - 2 rations


   Skills:
 - Level 1.0 Fighting
 - Level 1.5 Short Blades
 - Level 3.0 Dodging
 - Level 1.5 Stealth
 * Level 6.9 Evocations


You had 3 spell levels left.
You didn't know any spells.
Your spell library was empty.

Dungeon Overview and Level Annotations

Branches:
Dungeon (4/15)
 Temple: D:4-7

Altars:
Dithmenos


Innate Abilities, Weirdness & Mutations

You are very small and have problems with some larger weapons.
You are too small for most types of armour.
You have supernaturally acute eyesight. (SInv)
You are a herbivore.
You cover ground extremely quickly.
You need to consume almost no food.


Message History

The fireball engulfs the orc priest.
The orc priest is almost dead.
You hear a shout!
You hear an angry hiss.
You hear a shout!
You hit the adder skeleton.
You destroy the adder skeleton!
You completely miss the orc priest.
The orc priest is almost dead.
The orc priest misses you. The gnoll hits you but does no damage.
An orc comes into view. It is wielding a hand axe.
You closely miss the orc priest.
The orc priest is almost dead.
The gnoll closely misses you.
The orc priest calls down the wrath of Beogh upon you.
You struggle to resist.
You hit the orc priest but do no damage.
The orc priest is almost dead.
The gnoll closely misses you. The orc priest misses you.
An orc wizard comes into view. It is wielding a dagger.
A gnoll comes into view. It is wielding a halberd.
The gnoll completely misses you.
The orc priest hits you with a hand axe.
You barely miss the orc priest.
The orc priest is almost dead.
The gnoll hits you from afar with a spear.
The orc priest begins to cast a cantrip, but forgets the words!
You closely miss the orc priest.
The orc priest is almost dead.
The gnoll barely misses you. The orc priest closely misses you.
The orc wizard mumbles some strange words.
The orc wizard flickers and vanishes for a moment.
A gnoll comes into view. It is wielding a flail.
The gnoll misses you.
The gnoll shouts!
You hit the orc priest but do no damage.
The orc priest is almost dead.
You hear a shout!
The orc priest invokes the aid of Beogh against you.
You struggle to resist.
The gnoll misses you. The orc priest misses you.
You slash the orc priest!
You kill the orc priest!
Your Evocations skill increases to level 6!
You have reached level 4!
The gnoll closely misses you.
The gnoll hits you from afar with a spear.
* * * LOW HITPOINT WARNING * * *
You climb upwards.
There is a stone staircase leading down here.
Evoke which item? (* to show all) (? for menu, Esc to quit)
Aiming: Random Effects
Press: ? - help, Shift-Dir - straight line, f - orc wizard
Aim: an orc wizard, wielding a dagger and wearing a robe The orc wizard looks slightly unstable.
The orc wizard points at you and mumbles some strange words.
The magic dart hits you!
* * * LOW HITPOINT WARNING * * *
Evoke which item? (* to show all) (? for menu, Esc to quit)
Aiming: Random Effects
Press: ? - help, Shift-Dir - straight line, f/p - orc wizard
Aim: an orc wizard, wielding a dagger and wearing a robe The bolt of negative energy hits the orc wizard.
The orc wizard is drained!
You kill the orc wizard!
You closely miss the orc. The orc hits you with a short sword.
You die...

#. ##.# #.# ...
#.#.#.#
##...#.#########
#.#...†.........
#.#.##.######### ###
#......# #..
#.##.### #######.#
#..@.# #........
#.o#########.#####..
#.............[..#..
#.##.#######.###.#..
#.##.##### #.# #.###
#)#......# #.###.###
#.##.###.# #........
#.#.§.##.# #####.###
###§#.#.#.# #.#


You could see an orc.

Vanquished Creatures
  An orc priest (D:4)
  An orc wizard (D:3)
  3 adders (D:2)
  An adder skeleton (D:4)
  A dart slug (D:1)
  A bat zombie (D:2)
  2 giant cockroaches (D:2)
  3 hobgoblins
  A jackal (D:1)
  4 bats
  A frilled lizard (D:3)
  2 kobolds
  3 rats
24 creatures vanquished.

Notes
Turn   | Place    | Note
-------+----------+-------------------------------------------
     0 | D:1      | Amnesiac the Spriggan Artificer began the quest for the Orb.
     0 | D:1      | Reached XP level 1. HP: 9/9 MP: 4/4
    79 | D:1      | Reached skill level 1 in Fighting
   281 | D:1      | Reached XP level 2. HP: 13/14 MP: 6/6
   449 | D:2      | Reached skill level 5 in Evocations
   605 | D:2      | Reached XP level 3. HP: 7/18 MP: 8/8
  1021 | D:3      | Found a shadowy altar of Dithmenos.
  1052 | D:3      | Found a faded altar of an unknown god.
  1129 | D:4      | Reached skill level 6 in Evocations
  1129 | D:4      | Reached XP level 4. HP: 13/22 MP: 9/9
  1134 | D:3      | Slain by an orc

Vault maps used:
D:1:      ncdulo_watergridlock, serial_aquarium, aquarium_bridge_straight,
          aquarium_window_fake, aquarium_window_fake, aquarium_view_2e,
          aquarium_view_2f, aquarium_balcony_3b
D:2:      serial_undead, serial_undead_c, serial_undead_d, serial_undead_c,
          serial_undead_b
D:3:      chequers_ecumenical_altar_island, first_ration,
          grunt_dithmenos_smoke_and_mirrors
D:4:      hangedman_feature_mirror, kennysheep_generic_room_12, uniq_ijyb,
          uniq_sigmund, uniq_crazy_yiuf_cottage

Skill      XL: |  1  2  3 |
---------------+----------+-----
Fighting       | 1 |  1.0
Evocations     | 5 6 |  6.9
Short Blades   | |  1.5
Dodging        | |  3.0
Stealth        | |  1.5

Action                   |  1- 3 |  4- 6 || total
-------------------------+-------+-------++-------
Melee: Short sword       |    68 |       ||    68
       Long sword        |    17 |     1 ||    18
Evoke: Wand              |     8 |     2 ||    10
  Use: Scroll            |     1 |       ||     1
Armor: Robe              |    15 |       ||    15
Dodge: Dodged            |    90 |     1 ||    91
       Rpst.: Long sword |     3 |       ||     3

Table legend:
 A = Spawn XP
 B = Non-spawn XP
 C = Spawn XP percentage of total XP
 D = Spawn monster count
 E = Non-spawn monster count
 F = Spawn count percentage of total count
 G = Total turns spent on level
                    A         B        C        D         E        F      G
               +---------+---------+-------+---------+---------+-------+---------
         Total |       0 |     155 |   0.0 |       0 |      24 |   0.0 |  1134
               +---------+---------+-------+---------+---------+-------+---------
           D:1 |       0 |      12 |   0.0 |       0 |       7 |   0.0 |   290
           D:2 |       0 |      49 |   0.0 |       0 |       8 |   0.0 |   393
           D:3 |       0 |      48 |   0.0 |       0 |       7 |   0.0 |   417
           D:4 |       0 |      46 |   0.0 |       0 |       2 |   0.0 |    34
               +---------+---------+-------+---------+---------+-------+---------
